 Dungeon Crawl Stone Soup version 0.29.0-4-gdea44cf6ec (webtiles) character file.

Game seed: 8931201554803442433

81 qw the Chopper (level 4, -4/26 HPs)
             Began as a Tengu Warper on Aug 28, 2022.
             Killed by divine providence
             ... invoked by an orc priest
              (15 damage)
             ... on level 3 of the Dungeon.
             The game lasted 00:00:16 (2247 turns).

qw the Chopper (Tengu Warper)                       Turns: 2247, Time: 00:00:16

Health: -4/26      AC:  9    Str: 13    XL:     4   Next: 42%
Magic:  8/8        EV:  6    Int: 14    God:
Gold:   213        SH:  0    Dex: 13    Spells: 7/7 levels left

rFire   . . .      SeeInvis .   Y - +3 hand axe
rCold   . . .      Faith    .   (no shield)
rNeg    . . .      Spirit   .   b - +0 chain mail
rPois   .          Reflect  .   (helmet restricted)
rElec   .          Harm     .   k - +0 cloak
rCorr   .          Rampage  .   (no gloves)
Will    .....                   (boots unavailable)
Stlth   ..........              (no amulet)
HPRegen 0.08/turn               (no ring)
MPRegen 0.11/turn               (no ring)

@: no status effects
A: beak, talons 3
a: no special abilities


You were on level 3 of the Dungeon.
You visited 1 branch of the dungeon, and saw 3 of its levels.

You collected 213 gold pieces.


Innate Abilities, Weirdness & Mutations

You have a beak for a mouth.
You have claws for feet.


   Skills:
 - Level 2.0 Fighting
 - Level 5.0 Axes
 - Level 1.0 Throwing
 + Level 1.1 Armour
 - Level 2.1 Dodging
 - Level 2.0 Spellcasting
 - Level 2.4 Translocations


You had 7 spell levels left.
You didn't know any spells.
Your spell library contained the following spells:

 Spells                   Type           Power      Damage    Failure   Level
 Blink                    Tloc           16%        N/A       99%         2
 Gell's Gravitas          Tloc           8%         N/A       100%        3
 Lesser Beckoning         Tloc           8%         N/A       100%        3
 Teleport Other           Tloc           8%         N/A       100%        3
 Manifold Assault         Tloc           8%         N/A       100%        5

Inventory:

Hand Weapons
 c - a +0 whip
 Y - a +3 hand axe (weapon)
Armour
 b - a +0 chain mail (worn)
 g - a +0 pair of gloves
 k - a +0 cloak (worn)
Scrolls
 d - a scroll of noise {unknown}
 e - a scroll of identify
 h - a scroll of fear {unknown}
 i - a scroll of poison {unknown}
Potions
 f - a potion of curing
 l - a potion of resistance
 m - 2 potions of invisibility {unknown}

Dungeon Overview and Level Annotations

Branches:
Dungeon (3/15)

Altars:


Message History

You swing at nothing.
You swing at nothing.
You swing at nothing.
You swing at nothing.
You swing at nothing.
You swing at nothing.
You swing at nothing.
You swing at nothing.
You swing at nothing.
You swing at nothing.
You swing at nothing.
You swing at nothing.
You swing at nothing.
You swing at nothing.
You swing at nothing.
You swing at nothing.
You swing at nothing.
You swing at nothing.
You swing at nothing.
You swing at nothing.
You swing at nothing.
You swing at nothing.
You swing at nothing.
You swing at nothing.
You swing at nothing.
You swing at nothing.
You swing at nothing.
You swing at nothing.
You swing at nothing.
You swing at nothing.
You swing at nothing.
You swing at nothing.
You swing at nothing.
You swing at nothing.
You swing at nothing.
2245 ||| Stepping ~*~*~tactically~*~*~ (hiding).
The orc priest calls down the wrath of Beogh upon you.
Beogh smites you!
Ouch! That really hurt!
You die...

.# #### .. ##... ##
##...#### . .......# #.
##....# #^.##.....#
#)......### #..##.....#
#. ##.@..# ##.#o..#
..##.## #####.# . #.#
). #.# ### ...#########
#.# #.. #{o)......# #.#
#.#
#.#######.########.####
#.#


You could see an orc priest.

Vanquished Creatures
  An adder (D:2)
  2 worms (D:2)
  A dart slug (D:1)
  An orc (D:3)
  9 bats
  5 endoplasms
  A giant cockroach (D:3)
  5 goblins
  3 hobgoblins
  9 jackals
  5 quokkas
  3 ball pythons
  2 frilled lizards (D:1)
  4 kobolds
  6 rats
57 creatures vanquished.

Notes
Turn   | Place    | Note
-------+----------+-------------------------------------------
     0 | D:1      | qw the Tengu Warper began the quest for the Orb.
     0 | D:1      | Reached XP level 1. HP: 12/12 MP: 4/4
     0 | D:1      | 0 ||| qw: Version: 0.1-a-89-g26bdef1
     0 | D:1      | 0 ||| qw: Game counter: 1806
     0 | D:1      | 0 ||| qw: Always use a shield: true
     0 | D:1      | 0 ||| qw: God list: Okawaru
     0 | D:1      | 0 ||| qw: Allow faded altars: false
     0 | D:1      | 0 ||| qw: Do Orc after D:15 true
     0 | D:1      | 0 ||| qw: Do second Lair branch before Depths: true
     0 | D:1      | 0 ||| qw: Lair rune preference: random
     0 | D:1      | 0 ||| qw: Plans: Normal
     0 | D:1      | 0 ||| PLANNING D:1-11
    88 | D:1      | 88 ||| Stepping ~*~*~tactically~*~*~ (hiding).
   190 | D:1      | 190 ||| Stepping ~*~*~tactically~*~*~ (hiding).
   209 | D:1      | HP: 2/12 [frozen (3)]
   211 | D:1      | Reached skill level 3 in Axes
   211 | D:1      | Reached XP level 2. HP: 3/17 MP: 6/6
   506 | D:1      | 506 ||| Stepping ~*~*~tactically~*~*~ (stealth).
   812 | D:1      | Found a faded altar of an unknown god.
   830 | D:1      | Reached XP level 3. HP: 19/21 MP: 7/7
  1083 | D:1      | Reached skill level 4 in Axes
  1151 | D:1      | 1151 ||| UPGRADING to +0 scale mail.
  1161 | D:1      | 1161 ||| DROPPING +0 leather armour.
  1162 | D:1      | 1162 ||| UPGRADING to +0 cloak.
  1167 | D:1      | 1167 ||| READING scroll labelled QIUNONNOCA.
  1168 | D:1      | 1168 ||| READING scroll labelled CATAABLUDEL.
  1169 | D:1      | 1169 ||| READING 2 scrolls labelled TUSAM INAUTE.
  1170 | D:1      | 1170 ||| READING scroll of enchant weapon.
  1170 | D:1      | 1170 ||| ENCHANTING +1 hand axe.
  1171 | D:1      | 1171 ||| READING scroll labelled NEYDOO BAFFEIG.
  1172 | D:1      | 1172 ||| READING scroll labelled FAOGAZ UZUA.
  1173 | D:1      | 1173 ||| DRINKING 2 fuming puce potions.
  1174 | D:1      | 1174 ||| DROPPING scroll of blinking.
  1389 | D:2      | Reached XP level 4. HP: 15/26 MP: 8/8
  1800 | D:2      | 1800 ||| READING scroll of enchant weapon.
  1800 | D:2      | 1800 ||| ENCHANTING +2 hand axe.
  1811 | D:2      | 1811 ||| UPGRADING to +0 chain mail.
  1821 | D:2      | 1821 ||| DROPPING +0 scale mail.
  1822 | D:2      | 1822 ||| READING 2 scrolls labelled CEIBEO KOXOPP.
  1825 | D:2      | 1825 ||| DRINKING 2 sapphire potions.
  1892 | D:3      | 1892 ||| DROPPING +0 club.
  2151 | D:3      | Reached skill level 5 in Axes
  2195 | D:3      | HP: 6/26 [orc priest/+0 trident (5)]
  2196 | D:3      | 2196 ||| READING scroll of teleportation.
  2245 | D:3      | 2245 ||| Stepping ~*~*~tactically~*~*~ (hiding).
  2247 | D:3      | Killed from afar by an orc priest

Levels and vault maps discovered:
D:1:      wander_arrival_abandoned_jail, layout_rooms,
          hellmonk_ecumenical_altar_lost_god, serial_bayou_pond_d
D:2:      layout_rooms
D:3:      layout_loops_ring, nicolae_underground_beach

Skill      XL: |  1  2  3  4 |
---------------+-------------+-----
Axes           | 3 4 5 |  5.0
Fighting       | |  2.0
Throwing       | |  1.0
Armour         | |  1.1
Dodging        | |  2.1
Spellcasting   | |  2.0
Translocations | |  2.4

Action                   |  1- 3 |  4- 6 || total
-------------------------+-------+-------++-------
Melee: Hand axe          |    84 |    50 ||   134
       Kick              |    24 |    17 ||    41
       Peck              |    10 |     9 ||    19
Throw: Boomerang         |     7 |       ||     7
  Use: Scroll            |     6 |     3 ||     9
       Potion            |     1 |     1 ||     2
Armor: Leather armour    |    13 |       ||    13
       Scale mail        |     6 |     4 ||    10
       Chain mail        |       |    15 ||    15
Dodge: Dodged            |    39 |    24 ||    63

Table legend:
 A = Non-vault XP
 B = Vault XP
 C = Vault XP percentage of total XP
 D = Non-vault monster count
 E = Vault monster count
 F = Vault count percentage of total count
                 A         B        C        D         E       F
            +---------+---------+-------+---------+---------+-------
      Total |     117 |       0 |   0.0 |      57 |       0 |   0.0
            +---------+---------+-------+---------+---------+-------
        D:1 |      47 |       0 |   0.0 |      27 |       0 |   0.0
        D:2 |      50 |       0 |   0.0 |      19 |       0 |   0.0
        D:3 |      20 |       0 |   0.0 |      11 |       0 |   0.0
            +---------+---------+-------+---------+---------+-------
